 Dungeon Crawl Stone Soup version 0.26-a0-180-ge96aa7da28 (webtiles) character file.

Game seed: 1522630732259072782

27 Flugslaktarn the Chiller (level 3, 0/16 HPs)
             Began as a Vine Stalker Ice Elementalist on July 3, 2020.
             Slain by a rat (2 damage)
             ... on level 2 of the Dungeon.
             The game lasted 00:01:23 (223 turns).

Flugslaktarn the Chiller (VSIE)                      Turns: 223, Time: 00:01:24

Health: 0/16       AC:  4    Str: 10    XL:     3   Next: 10%
Magic:  0/8        EV: 11    Int: 16    God:
Gold:   21         SH:  3    Dex: 14    Spells: 3/7 levels left

rFire    . . .     SeeInvis .   (no weapon)
rCold    . . .     Faith    .   e - +0 buckler (curse)
rNeg     . . .     Spirit   +   a - +0 robe
rPois    .         Reflect  .   f - +2 hat
rElec    .         Harm     .   (no cloak)
rCorr    .                      (no gloves)
MR       .....                  (no boots)
Stlth    ++........             (no amulet)
HPRegen  0.05/turn              (no ring)
MPRegen  0.11/turn              (no ring)

@: lethally poisoned (0 -> -3)
A: fangs 2, magic shield, antimagic bite, no potion heal 3, rot immunity
a: no special abilities


You were on level 2 of the Dungeon.
You were not hungry.

You visited 1 branch of the dungeon, and saw 2 of its levels.

You collected 21 gold pieces.

Inventory:

Armour
 a - a +0 robe (worn)
 e - a cursed +0 buckler (worn)
   (You found it on level 1 of the Dungeon)
 f - a +2 hat (worn)
   (You found it on level 1 of the Dungeon)
Scrolls
 b - a scroll of fear {unknown}
 d - a scroll of identify {unknown}
 g - a scroll of enchant armour {unknown}
 h - a scroll of teleportation {unknown}
Comestibles
 c - 2 rations


   Skills:
 - Level 1.5 Dodging
 - Level 2.4 Stealth
 + Level 0.0 Shields
 + Level 2.7 Spellcasting
 * Level 4.6 Ice Magic


You had 3 spell levels left.
You knew the following spells:

 Your Spells              Type           Power        Failure   Level  Hunger
a - Freeze                Ice            ###.         4%          1    #......
b - Frozen Ramparts       Ice            ###...       14%         3    ###....

Your spell library contained the following spells:

 Spells                   Type           Power        Failure   Level  Hunger
 Ozocubu's Armour         Chrm/Ice       #.......     36%         3    ###....
 Hailstorm                Conj/Ice       #.......     77%         4    #####..
 Summon Ice Beast         Ice/Summ       #.......     77%         4    #####..


Dungeon Overview and Level Annotations

Branches:
Dungeon (2/15)

Altars:


Innate Abilities, Weirdness & Mutations

You have extremely sharp teeth.
When hurt, damage is shared between your health and your magic reserves.
Your bite disrupts and absorbs the magic of your enemies.
Potions cannot restore your health.
You are immune to rotting.


Message History

Unknown command.
Casting: Freeze (safe; 4% risk of failure)
Confirm with . or Enter, or press ? or * to list all spells.
Aiming: Freeze (safe; 4% risk of failure)
Press: ? - help, Shift-Dir - straight line, f - worker ant zombie
Aim: a worker ant zombie The worker ant zombie resists.
You freeze the worker ant zombie.
The worker ant zombie is lightly damaged.
The worker ant zombie barely misses you.
Unknown command.
There is a stone staircase leading up here.
You aren't carrying any potions.
Okay, then.
You barely miss the worker ant zombie.
You bite the worker ant zombie, but do no damage.
The worker ant zombie is lightly damaged.
You feel sick.
The worker ant zombie closely misses you.
Unknown command.
You hit the worker ant zombie but do no damage.
You bite the worker ant zombie, but do no damage.
The worker ant zombie is lightly damaged.
The worker ant zombie bites you.
* * * LOW HITPOINT WARNING * * *
* * * LOW HITPOINT WARNING * * *
You feel sick.
You hit the worker ant zombie but do no damage.
You bite the worker ant zombie, but do no damage.
The worker ant zombie is lightly damaged.
Unknown command.
You hit the rat.
The rat is heavily wounded.
Unknown command.
You completely miss the rat. Your bite misses the rat.
The rat is heavily wounded.
* * * LOW HITPOINT WARNING * * *
You feel sick. The rat bites you but does no damage.
Your shield prevents you from hitting the rat.
You bite the rat, but do no damage.
The rat is heavily wounded.
The rat bites you but does no damage.
Unknown command.
You barely miss the rat.
The rat is heavily wounded.
The rat bites you.
* * * LOW HITPOINT WARNING * * *
You closely miss the rat.
The rat is heavily wounded.
The rat bites you.
You die...

.. #....#. #....#.
#....#. #).....###
#.##.#...#
..#..###.###########.#
.##.(..#Zr@.†.........
#...?.†)############.#
.#....##.# .###..#..#
...#.##.## ##......#
###.#.## #... ####


You could see a worker ant zombie and a rat.

Vanquished Creatures
  An ooze (D:1)
  2 leopard geckos (D:1)
  A bat (D:2)
  A giant cockroach (D:2)
  2 goblins (D:1)
  5 hobgoblins
  3 kobolds
  2 frilled lizards (D:1)
  A rat (D:1)
18 creatures vanquished.

Notes
Turn   | Place    | Note
-------+----------+-------------------------------------------
     0 | D:1      | Flugslaktarn the Vine Stalker Ice Elementalist began the
                  | quest for the Orb.
     0 | D:1      | Reached XP level 1. HP: 9/9 MP: 4/4
    23 | D:1      | Reached XP level 2. HP: 11/13 MP: 1/6
   199 | D:2      | Reached XP level 3. HP: 14/16 MP: 2/8
   204 | D:2      | Learned a level 3 spell: Frozen Ramparts
   223 | D:2      | Slain by a rat

Illustrated notes

Levels and vault maps discovered:
D:1:      wander_arrival_chamber, layout_loops_ring
D:2:      layout_basic, minmay_pentomino_z4, uniq_sigmund

Action                   || total
-------------------------++-------
Melee: Unarmed           ||    15
       Bite              ||     6
 Cast: Freeze            ||    22
Armor: Robe              ||     5
Dodge: Dodged            ||    10

Table legend:
 A = Non-vault XP
 B = Vault XP
 C = Vault XP percentage of total XP
 D = Non-vault monster count
 E = Vault monster count
 F = Vault count percentage of total count
                 A         B        C        D         E       F
            +---------+---------+-------+---------+---------+-------
      Total |      33 |       6 |  15.4 |      15 |       3 |  16.7
            +---------+---------+-------+---------+---------+-------
        D:1 |      31 |       0 |   0.0 |      14 |       0 |   0.0
        D:2 |       2 |       6 |  75.0 |       1 |       3 |  75.0
            +---------+---------+-------+---------+---------+-------
